 Dungeon Crawl Stone Soup version 0.28-a0-948-gee6e0bcda6 (webtiles) character file.

Game seed: 17463542845266501106

16545 BinkBink the Slicer (level 12, -1/110 HPs)
             Began as a Minotaur Monk on Nov 30, 2021.
             Was the Champion of Okawaru.
             Slain by a white ugly thing (35 damage)
             ... in an ice cave.
             The game lasted 00:40:08 (16559 turns).

BinkBink the Slicer (Minotaur Monk)                Turns: 16559, Time: 00:40:09

Health: -1/110     AC: 18    Str: 17 (20) XL:     12   Next: 11%
Magic:  11/11      EV: 22    Int:  6 (7)  God:    Okawaru [******]
Gold:   876        SH:  0    Dex: 20 (21) Spells: 11/11 levels left

rFire   . . .      SeeInvis .   r - +9 short sword of Wounding {vorpal, rN+}
rCold   . . .      Faith    .   (no shield)
rNeg    + . .      Spirit   .   w - +2 acid dragon scales
rPois   .          Reflect  +   E - +0 hat "Mogeolo" {+Inv Dex+2}
rElec   .          Harm     .   o - +0 cloak
rCorr   +          Rampage  .   B - +2 pair of gloves {Str+3}
Will    .....      Rnd*Tele +   L - +1 pair of boots
Stlth   +.........              J - amulet of reflection
HPRegen 0.28/turn               N - ring of Uzatunykk {EV+4 Dex+2}
MPRegen 0.12/turn               M - +4 ring of slaying

@: confused, ambrosia-drunk, studying Necromancy
A: horns 2, retaliatory headbutt, teleportitis 2, subdued magic 1
a: Renounce Religion, Evoke Invisibility, Heroism, Finesse, Duel


You were in an ice cave.
You worshipped Okawaru.
Okawaru was exalted by your worship.
You visited 2 branches of the dungeon, and saw 12 of its levels.
You also visited: Gauntlet and Ice Cave.

You collected 876 gold pieces.

Inventory:

Hand Weapons
 r - the +9 short sword of Wounding (weapon) {vorpal, rN+}
   (You found it on level 5 of the Dungeon)

   It inflicts extra damage upon your enemies.
   rN:        It protects you from negative energy.
 z - a +1 rapier of protection
Missiles
 s - 3 datura-tipped darts (quivered)
 v - a throwing net
Armour
 o - a +0 cloak (worn)
 p - a +2 hat of stealth
 w - +2 acid dragon scales (worn)
 B - a +2 pair of gloves of strength (worn)
 C - a +0 buckler
 E - the +0 hat "Mogeolo" (worn) {+Inv Dex+2}
   (Okawaru gifted it to you on level 8 of the Dungeon)

   Dex:       It affects your dexterity (+2).
   +Inv:      It lets you turn invisible.
 L - a +1 pair of boots (worn)
Jewellery
 J - an amulet of reflection (around neck)
 M - a +4 ring of slaying (right hand)
 N - the ring of Uzatunykk (left hand) {EV+4 Dex+2}
   (You found it in a Gauntlet)

   [ring of evasion]

   EV:        It affects your evasion (+4).
   Dex:       It affects your dexterity (+2).
Wands
 D - a wand of mindburst (8)
 G - a wand of digging (6)
 H - a wand of flame (27)
Scrolls
 a - 2 scrolls of fog {unknown}
 d - 2 scrolls of torment
 e - a scroll of immolation {unknown}
 g - a scroll of noise
 h - a scroll of identify
 m - a scroll of acquirement {unknown}
 t - a scroll of amnesia
 u - 6 scrolls of magic mapping
 y - a scroll of enchant weapon {unknown}
 A - a scroll of summoning {unknown}
 F - a scroll of vulnerability {unknown}
 I - a scroll of teleportation
Potions
 b - 2 potions of flight
 f - a potion of curing
 l - a potion of ambrosia


   Skills:
 + Level 11.3 Fighting
 + Level 13.2 Short Blades
 + Level 0.2 Throwing
 * Level 10.7 Armour
 + Level 10.1 Dodging
 - Level 1.5 Stealth
 * Level 5.7 Shields
 + Level 0.9 Evocations


You had 11 spell levels left.
You didn't know any spells.
Your spell library contained the following spells:

 Spells                   Type           Power      Damage    Failure   Level
 Freeze                   Ice            0%         1d3       50%         1
 Corpse Rot               Necr/Air       0%         N/A       63%         2
 Passwall                 Tmut/Erth      0%         N/A       63%         2
 Frozen Ramparts          Ice            0%         1d2       86%         3
 Swiftness                Air            0%         N/A       86%         3
 Dispel Undead            Necr           0%         3d6       99%         4
 Hailstorm                Conj/Ice       0%         3d3       99%         4
 Leda's Liquefaction      Hex/Erth       0%         N/A       99%         4
 Lee's Rapid Deconstruct  Erth           0%         3d5*      100%        5
 Statue Form              Tmut/Erth      0%         N/A       100%        6
 Death Channel            Necr           Unusable   N/A       N/A         6

Dungeon Overview and Level Annotations

Branches:
Dungeon (11/15)            Temple (0/1) D:5            Lair (0/6) D:9
    Orc (1/2) D:10          IceCv (1/1)             Gauntlet (visited)

Altars:
Makhleb
Okawaru

Shops:
D:2 :

Annotations:
D:8 Erica
D:10 3 runed translucent doors, benitares's ghost, novice DEFE
Orc:1 3 runed translucent doors


Innate Abilities, Weirdness & Mutations

You have a pair of horns on your head.
You reflexively headbutt those who attack you in melee.
You are sometimes teleported next to monsters.
Your spells are a little easier to cast, but a little less powerful.


Message History

You block the harpy simulacrum's attack.
The harpy simulacrum misses you.
The harpy simulacrum claws you but does no damage.
You block the harpy simulacrum's attack.
The anaconda simulacrum closely misses you.
The anaconda simulacrum completely misses you.
You block the harpy simulacrum's attack.
The harpy simulacrum completely misses you.
The harpy simulacrum closely misses you.
You furiously retaliate!
You headbutt the harpy simulacrum.
You block the harpy simulacrum's attack.
The anaconda simulacrum misses you.
The anaconda simulacrum bites you but does no damage.
The harpy simulacrum completely misses you.
The harpy simulacrum closely misses you.
The harpy simulacrum claws you. The harpy simulacrum freezes you!!
The harpy simulacrum completely misses you.
You puncture the harpy simulacrum!
The harpy simulacrum vaporises!
Okawaru accepts your kill.
You puncture the anaconda simulacrum!
The anaconda simulacrum is severely damaged.
The anaconda simulacrum misses you.
The anaconda simulacrum bites you but does no damage.
You hit the anaconda simulacrum. You headbutt the anaconda simulacrum!
The anaconda simulacrum is almost destroyed.
The anaconda simulacrum grabs you. The anaconda simulacrum bites you.
The anaconda simulacrum freezes you!!
* * * LOW HITPOINT WARNING * * *
The anaconda simulacrum constricts you.
You impale the anaconda simulacrum!!
The anaconda simulacrum vaporises!
Okawaru accepts your kill.
You feel your intelligence returning.
Okay, then.
You are confused.
You feel invigorated.
The white ugly thing is engulfed in freezing vapours.
The white ugly thing gores you. The white ugly thing freezes you!!
You die...

### ############# ####### !}..
##.....#..)..## ##.....# .....
##......#(.....###......#
......#.......#u@.....#.......#
..............°..........∩..∩.#
..§§..#.......#.......#.......#
..... ##......#......###......#
)?.. ##(....#.)...## ##.....#
### ############# #######


You could see a white ugly thing.

Vanquished Creatures
  A two-headed ogre (Orc:1)
  A wolf spider (Gauntlet)
  A moth of wrath (Gauntlet)
  An ugly thing (IceCv)
  3 ice statues (IceCv)
  A worldbinder (Gauntlet)
  Maurice (Orc:1)
  An eye of devastation (Gauntlet)
  3 centaur skeletons (D:7)
  An efreet (D:10)
  An anaconda simulacrum (IceCv)
  An entropy weaver simulacrum (IceCv)
  2 hellwings (D:7)
  Grinder (D:6)
  2 meliai zombies (D:7)
  2 redbacks (Gauntlet)
  3 wyverns
  12 yaks
  A wraith (D:9)
  A steam dragon (D:8)
  A basilisk (D:11)
  Menkaure (D:6)
  A warg (D:10)
  2 acid dragons
  A harpy simulacrum (IceCv)
  A water moccasin (D:6)
  A black bear (D:6)
  A floating eye (Gauntlet)
  2 ice beasts
  Pargi (D:3)
  2 ogres
  10 orc warriors
  A boggart (Gauntlet)
  A necrophage (D:6)
  4 centaurs
  2 kobold brigands
  4 lemures (D:6)
  A phantom (D:4)
  Blork the orc (D:6)
  4 bullfrogs
  A gnoll sergeant (D:8)
  A cane toad simulacrum (IceCv)
  2 scorpions
  A wyvern zombie (D:5)
  A water moccasin skeleton (D:5)
  An elephant simulacrum (IceCv)
  8 wights
  5 howler monkeys
  7 electric eels (D:8)
  4 hounds
  3 jellies
  A bullfrog zombie (D:7)
  6 centaur zombies
  3 bullfrog skeletons
  10 orc priests
  A gnoll shaman (D:6)
  12 orc wizards
  4 iguanas
  A killer bee zombie (D:8)
  2 polar bear simulacra (IceCv)
  A hound zombie (D:5)
  A hound skeleton (D:5)
  2 howler monkey zombies
  Robin (D:2)
  7 adders
  8 gnolls (D:6)
  4 shadow imps (D:7)
  14 white imps
  An ufetubus (D:7)
  2 adder skeletons (D:4)
  4 dart slugs
  34 orcs
  7 ball pythons
  3 endoplasms
  4 giant cockroaches
  14 goblins
  12 hobgoblins
  2 jackals (D:1)
  7 quokkas
  3 bats
  4 frilled lizards
  13 kobolds
  8 rats
312 creatures vanquished.

Vanquished Creatures (others)
  11 fungi (D:8)
  45 plants
  8 withered plants (D:7)
64 creatures vanquished.

Grand Total: 376 creatures vanquished

Notes
Turn   | Place    | Note
-------+----------+-------------------------------------------
     0 | D:1      | BinkBink the Minotaur Monk began the quest for the Orb.
     0 | D:1      | Reached XP level 1. HP: 19/19 MP: 0/0
   275 | D:1      | Reached XP level 2. HP: 20/27 MP: 1/1
   414 | D:1      | Reached skill level 1 in Armour
   816 | D:1      | Found a faded altar of an unknown god.
   825 | D:1      | Prayed at the altar of an unknown god.
   825 | D:1      | Became a worshipper of Warmaster Okawaru
   825 | D:1      | Reached * piety under Okawaru
   825 | D:1      | Reached ** piety under Okawaru
   856 | D:1      | Reached XP level 3. HP: 33/33 MP: 2/2
  1166 | D:2      | Found Cirpho Vuom's Book Boutique.
  1601 | D:2      | Reached skill level 4 in Short Blades
  1619 | D:2      | Reached XP level 4. HP: 37/40 MP: 3/3
  1782 | D:2      | Noticed Robin
  1813 | D:2      | Killed Robin
  2342 | D:3      | Reached *** piety under Okawaru
  2379 | D:3      | Noticed Pargi
  2397 | D:3      | Killed Pargi
  2398 | D:3      | Reached XP level 5. HP: 28/47 MP: 4/4
  2816 | D:3      | Reached skill level 5 in Short Blades
  3163 | D:4      | Reached XP level 6. HP: 53/53 MP: 5/5
  3524 | D:4      | Reached skill level 5 in Dodging
  3604 | D:4      | Reached skill level 5 in Fighting
  3885 | D:4      | Reached **** piety under Okawaru
  3886 | D:4      | Reached skill level 6 in Short Blades
  3886 | D:4      | Reached XP level 7. HP: 33/61 MP: 6/6
  4502 | D:5      | Entered Level 5 of the Dungeon
  5054 | D:5      | Reached skill level 7 in Short Blades
  5150 | D:5      | Identified the +9 short sword of Wounding {vorpal, rN+}
  5179 | D:5      | Received a gift from Okawaru
  5227 | D:5      | Found a staircase to the Ecumenical Temple.
  5497 | D:6      | Reached XP level 8. HP: 58/70 MP: 7/7
  5505 | D:6      | Reached skill level 5 in Armour
  5721 | D:6      | Reached skill level 8 in Short Blades
  5886 | D:6      | Noticed Menkaure
  6554 | D:6      | Killed Menkaure
  6554 | D:6      | Reached ***** piety under Okawaru
  6597 | D:6      | Noticed Blork the orc
  6615 | D:6      | Killed Blork the orc
  6713 | D:6      | Noticed Grinder
  6714 | D:6      | Paralysed by Grinder for 6 turns
  6725 | D:6      | Paralysed by Grinder for 2 turns
  6737 | D:6      | Killed Grinder
  6738 | D:6      | Reached skill level 9 in Short Blades
  6738 | D:6      | Reached XP level 9. HP: 72/78 MP: 8/8
  7010 | D:6      | Received a gift from Okawaru
  7552 | D:7      | Noticed a hellwing
  7562 | D:7      | Reached skill level 10 in Short Blades
  7571 | D:7      | Noticed a hellwing
  7705 | D:7      | Received a gift from Okawaru
  7706 | D:7      | Reached XP level 10. HP: 88/88 MP: 9/9
  7724 | D:7      | Reached skill level 11 in Short Blades
  8530 | D:8      | Noticed Erica
  8982 | D:7      | Reached skill level 12 in Short Blades
 10171 | D:8      | Found a burning altar of Makhleb.
 10270 | D:8      | Reached ****** piety under Okawaru
 10271 | D:8      | Reached skill level 1 in Shields
 10744 | D:8      | Identified the +0 hat "Mogeolo" {+Inv Dex+2} (Okawaru
                  | gifted it to you on level 8 of the Dungeon)
 10744 | D:8      | Received a gift from Okawaru
 11018 | D:8      | Reached XP level 11. HP: 97/97 MP: 10/10
 11654 | D:9      | Found a staircase to the Lair.
 12379 | D:10     | Entered Level 10 of the Dungeon
 12401 | D:10     | Found a runed translucent gate.
 12401 | D:10     | Found a runed translucent gate.
 12403 | D:10     | Found a runed translucent gate.
 12404 | D:10     | Noticed a deep elf pyromancer
 12405 | D:10     | Noticed a storm dragon
 12405 | D:10     | Noticed benitares's ghost (novice DEFE)
 12951 | D:10     | Noticed a two-headed ogre
 13134 | D:10     | Reached skill level 10 in Fighting
 13134 | D:10     | Found a staircase to the Orcish Mines.
 13871 | D:11     | Found a gate leading to a gauntlet.
 13891 | Gauntlet | Entered a Gauntlet
 13891 | Gauntlet | Found a transporter.
 13891 | Gauntlet | Found a transporter.
 13896 | Gauntlet | Noticed a wizard
 13912 | Gauntlet | Found a transporter.
 13913 | Gauntlet | Found a transporter.
 13921 | Gauntlet | Found a transporter.
 13925 | Gauntlet | Found a transporter.
 13932 | Gauntlet | Noticed a reaper
 13933 | Gauntlet | Found a transporter.
 13953 | Gauntlet | Found a transporter.
 13953 | Gauntlet | Noticed a wolf spider
 13964 | Gauntlet | Found a transporter.
 13968 | Gauntlet | Found a transporter.
 13976 | Gauntlet | Found a transporter.
 13980 | Gauntlet | Found a transporter.
 14032 | Gauntlet | Reached skill level 10 in Armour
 14121 | Gauntlet | Killed a wolf spider
 14289 | Gauntlet | Identified the ring of Uzatunykk {EV+4 Dex+2}
 14309 | Gauntlet | Noticed a minotaur
 14759 | D:11     | Noticed a two-headed ogre
 14837 | Orc:1    | Entered Level 1 of the Orcish Mines
 14837 | Orc:1    | Noticed Maurice
 14843 | Orc:1    | Noticed a two-headed ogre
 14849 | Orc:1    | Killed Maurice
 14856 | Orc:1    | Killed a two-headed ogre
 14856 | Orc:1    | Received a gift from Okawaru
 14857 | Orc:1    | Reached skill level 13 in Short Blades
 14891 | Orc:1    | Found a runed translucent gate.
 14892 | Orc:1    | Found a runed translucent gate.
 14893 | Orc:1    | Found a runed translucent gate.
 14923 | Orc:1    | Found a frozen archway.
 14940 | Orc:1    | Reached skill level 5 in Shields
 15091 | IceCv    | Entered an ice cave
 15336 | IceCv    | Noticed a white ugly thing
 15350 | IceCv    | Killed a white ugly thing
 15351 | IceCv    | Reached skill level 10 in Dodging
 15567 | IceCv    | Reached XP level 12. HP: 84/110 MP: 11/11
 16328 | IceCv    | Gained mutation: Your spells are a little easier to cast,
                  | but a little less powerful. [potion of mutation]
 16328 | IceCv    | Gained mutation: You are occasionally teleported next to
                  | monsters. [potion of mutation]
 16328 | IceCv    | Gained mutation: You are sometimes teleported next to
                  | monsters. [potion of mutation]
 16559 | IceCv    | Slain by a white ugly thing

Illustrated notes

Levels and vault maps discovered:
D:1:      erik_arrival_cave_to_civilisation [erik_arrival_cave_to_hall],
          layout_basic, hellmonk_ecumenical_altar_run_dry
D:2:      layout_loops_ring, serial_shops, nicolae_shop_statue_plus,
          minmay_misc_feat_plants, uniq_robin
D:3:      layout_basic, minmay_misc_feat_tower, uniq_pargi
D:4:      layout_layer_cave, chequers_serial_rivers_micro_d
D:5:      layout_loops_ring, minmay_temple_entry_trees
D:6:      layout_rooms, minmay_manual_maat, uniq_menkaure, uniq_grinder,
          uniq_blork_the_orc, uniq_pikel
D:7:      cheibrodos_grave_circle, layout_basic
D:8:      layout_cave_pools, mainiacjoe_overflow_cross_hatched, serial_bayou,
          serial_bayou_pond_b, serial_bayou_lagoon_b, serial_bayou_pond_b,
          serial_bayou_lagoon_a, serial_bayou_pond_a, wad_rectangle_vault,
          uniq_erica
D:9:      layout_stronghold, dpeg_oklobed_lair, serial_column_ruins,
          column_ruins_hut_pillars, column_ruins_columns_straight,
          column_ruins_columns_corner, column_ruins_open_small,
          column_ruins_grid_1
D:10:     layout_loops_ring, david_orc_3, gammafunk_ghost_split
D:11:     layout_irregular_city, gauntlet_entry_generic
Orc:1:    layout_caves, portal_ice_cave_entry_imps, gammafunk_ghost_necromancy,
          uniq_maurice
IceCv:    ice_cave_statue_garden_chambered

Skill      XL: |  1  2  3  4  5  6  7  8  9 10 11 |
---------------+----------------------------------+-----
Armour         | 1 2 3 4 6 7 9 10 | 10.7
Fighting       | 4 5 6 8 9 11 | 11.3
Short Blades   | 4 5 6 7 9 10 12 13 | 13.2
Dodging        | 4 5 6 7 8 10 | 10.1
Shields        | 1 5 |  5.7
Throwing       | |  0.2
Stealth        | |  1.5
Evocations     | |  0.9

Action                   |  1- 3 |  4- 6 |  7- 9 | 10-12 || total
-------------------------+-------+-------+-------+-------++-------
Melee: Short sword       |    96 |   196 |   235 |   571 ||  1098
       Headbutt          |    17 |    33 |    67 |   145 ||   262
       Rapier            |       |       |     6 |       ||     6
Throw: Dart              |       |       |       |     4 ||     4
       Javelin           |       |       |       |     3 ||     3
Evoke: Wand              |       |       |       |     9 ||     9
  Use: Potion            |     1 |       |     1 |    10 ||    12
       Scroll            |       |       |     5 |     9 ||    14
 Stab: Sleeping          |     2 |     3 |     4 |     1 ||    10
       Distracted        |       |       |     1 |       ||     1
Armor: Robe              |    10 |     4 |       |       ||    14
       Leather armour    |       |    62 |    53 |    35 ||   150
       Acid dragon scale |       |       |       |    87 ||    87
Dodge: Dodged            |    56 |   114 |   107 |   297 ||   574
Block: Other             |       |       |       |    51 ||    51
       Reflection        |       |       |       |     3 ||     3

Table legend: (Time is in decaauts)
 A = Elapsed time spent in this place.
 B = Non-inter-level travel time spent in this place.
 C = Inter-level travel time spent in this place.
 D = Time resting spent in this place.
 E = Time spent auto-exploring this place.
 F = Levels seen in this place.
 G = Mean time per level.
                   A        B        C        D        E       F      G
               +--------+--------+--------+--------+--------+-----+--------+
         Total |  16182 |  15698 |    484 |      0 |  12970 |  14 | 1155.9 |
       Dungeon |  14113 |  13629 |    484 |      0 |  11304 |  11 | 1283.0 |
  Orcish Mines |    224 |    224 |      0 |      0 |    151 |   1 |  224.0 |
      Ice Cave |   1424 |   1424 |      0 |      0 |   1243 |   1 | 1424.0 |
      Gauntlet |    420 |    420 |      0 |      0 |    272 |   1 |  420.0 |
               +--------+--------+--------+--------+--------+-----+--------+

Top non-repeatable levels by time:
     D:7: 2011 daAuts
     D:8: 1656 daAuts
     D:5: 1426 daAuts
   IceCv: 1424 daAuts
     D:4: 1414 daAuts
     D:9: 1276 daAuts
     D:6: 1267 daAuts
    D:10: 1174 daAuts
     D:1: 1116 daAuts
     D:3: 1098 daAuts
     D:2: 916 daAuts
    D:11: 754 daAuts
Gauntlet: 420 daAuts
   Orc:1: 224 daAuts
